 Dungeon Crawl Stone Soup version 0.32-a0-18-g89e19f1974 (webtiles) character file.

Game seed: 6454692777044081882

2422 Essalna the Destroyer (level 9, -3/56 HPs)
             Began as a Gargoyle Earth Elementalist on Jan 16, 2024.
             Was an Initiate of Vehumet.
             Slain by a killer bee (7 damage)
             ... on level 7 of the Dungeon.
             The game lasted 00:13:09 (5933 turns).

Essalna the Destroyer (Gargoyle Earth Elementalist) Turns: 5933, Time: 00:13:10

Health: -3/56      AC: 12    Str: 12    XL:     9   Next: 48%
Magic:  3/15       EV: 12    Int: 20    God:    Vehumet [......]
Gold:   235        SH:  0    Dex: 10    Spells: 10/16 levels left

rFire   . . .        w - +2 spear (flame)
rCold   . . .        (no shield)
rNeg    + . .        C - +2 robe {Will+}
rPois   ∞            (no helmet)
rElec   +            a - +0 cloak
rCorr   .            o - +0 pair of gloves
SInv    .            (no boots)
Will    +....        (no amulet)
Stlth   ++           (no ring)
HPRegen 0.29/turn    (no ring)
MPRegen 0.14/turn

%: no passive effects
@: no status effects
A: sickness immunity, AC +6, negative energy resistance 1, electricity
resistance, torment resistance 1, petrification resistance
a: Renounce Religion


You were on level 7 of the Dungeon.
You worshipped Vehumet.
Vehumet was noncommittal.
You visited 2 branches of the dungeon, and saw 8 of its levels.

You collected 235 gold pieces.

Inventory:

Hand Weapons
 g - a +1 dagger of draining
 r - a +1 short sword of venom
 w - a +2 spear of flaming (weapon)
Missiles
 D - a throwing net
Armour
 a - a +0 cloak (worn)
 k - the +5 ring mail of Fobiq {rN+}
   (You found it on level 2 of the Dungeon)

   rN+:       It protects you from negative energy.
 o - a +0 pair of gloves (worn)
 C - a +2 robe of willpower (worn)
Wands
 s - a wand of flame (21)
 y - a wand of digging (6)
 G - a wand of iceblast (7)
Scrolls
 c - a scroll of butterflies
 e - 9 scrolls of teleportation {unknown}
 f - 2 scrolls of fear {unknown}
 j - 2 scrolls of torment {unknown}
 l - 2 scrolls of amnesia {unknown}
 n - 4 scrolls of immolation {unknown}
 u - a scroll of vulnerability {unknown}
 E - a scroll of noise {unknown}
 F - a scroll of fog {unknown}
 I - a scroll of identify
 J - a scroll of revelation {unknown}
Potions
 b - a potion of magic
 d - 2 potions of haste {unknown}
 h - 2 potions of brilliance
 i - 2 potions of attraction
 m - a potion of enlightenment {unknown}
 p - a potion of ambrosia {unknown}
 q - a potion of heal wounds {unknown}
 t - a potion of resistance {unknown}
 v - 4 potions of curing {unknown}
 x - 2 potions of might {unknown}
 z - 2 potions of mutation {unknown}
 A - a potion of invisibility {unknown}
 B - 2 potions of lignification {unknown}
 H - a potion of degeneration {unknown}


   Skills:
 + Level 6.3 Fighting
 - Level 3.0 Armour
 - Level 3.0 Dodging
 - Level 2.1 Stealth
 - Level 4.0 Spellcasting
 + Level 8.6 Conjurations
 - Level 7.0 Earth Magic


You had 10 spell levels left.
You knew the following spells:

 Your Spells              Type           Power      Damage    Failure   Level
a - Sandblast             Erth           64%        2d14      1%          1
b - Iskenderun's Battles  Conj           38%        2d9       10%         5

Your spell library contained the following spells:

 Spells                   Type           Power      Damage    Failure   Level
 Stone Arrow              Conj/Erth      70%        3d11      1%          3
 Foxfire                  Conj/Fire      84%        2x1d8     2%          1
 Passwall                 Erth           32%        N/A       2%          3
 Brom's Barrelling Bould  Conj/Erth      35%        2d5       4%          4
 Slow                     Hex            16%        N/A       13%         1
 Flame Wave               Conj/Fire      21%        2d8       22%         4
 Petrify                  Alch/Erth      18%        N/A       30%         4
 Confusing Touch          Hex            4%         N/A       36%         3
 Inner Flame              Hex/Fire       4%         N/A       36%         3
 Ozocubu's Armour         Ice            4%         N/A       36%         3
 Sigil of Binding         Hex            4%         N/A       36%         3
 Vampiric Draining        Necr           4%         2d6       36%         3
 Arcjolt                  Conj/Air       10%        1d20      52%         5
 Bombard                  Conj/Erth      17%        9d4       61%         6
 Sticky Flame             Fire/Alch      4%         2d4       77%         4
 Vhi's Electric Charge    Tloc/Air       8%         N/A       77%         4
 Starburst                Conj/Fire      10%        6d5       97%         6
 Metabolic Englaciation   Hex/Ice        2%         N/A       98%         5
 Plasma Beam              Fire/Air       2%         2x1d12    100%        6
 Sculpt Simulacrum        Ice/Alch       2%         N/A       100%        6
 Spellforged Servitor     Conj/Summ      10%        N/A       100%        7
 Maxwell's Capacitive Co  Air            2%         ∞         100%        8


Dungeon Overview and Level Annotations

Branches:
Dungeon (7/15)             Temple (1/1) D:6

Altars:
Ashenzari
Dithmenos
Elyvilon
Fedhas
Gozag
Hepliaklqana
Kikubaaqudgha
Makhleb
Nemelex Xobeh
Ru
Trog
Uskayaw
Vehumet
Wu Jian
Xom
Zin
The Shining One

Shops:
D:2 :=[[   D:3 *


Innate Abilities, Weirdness & Mutations

You are immune to sickness and miasma.
Your stone body is resilient. (AC +6)
You are immune to poison.
You resist negative energy. (rN+)
You are resistant to electric shocks. (rElec)
You are resistant to unholy torment.
You are immune to petrification.


Message History

The killer bee barely misses you. The killer bee closely misses you.
The killer bee stings you.
* * * LOW HITPOINT WARNING * * *
Casting: Sandblast (safe; 1% risk of failure)
Confirm with . or Enter, or press ? or * to list all spells.
Aiming: Sandblast (safe; 1% risk of failure)
Press: ? - help, Shift-Dir - straight line, f/p - killer bee
Aim: a killer bee (water, severely wounded, 67% to hit)
The blast of sand hits the killer bee.
The killer bee is severely wounded.
The killer bee stings you.
* * * LOW HITPOINT WARNING * * *
The killer bee misses you.
The killer bee stings you but does no damage.
The killer bee barely misses you. x3
Casting: Sandblast (safe; 1% risk of failure)
Confirm with . or Enter, or press ? or * to list all spells.
Aiming: Sandblast (safe; 1% risk of failure)
Press: ? - help, Shift-Dir - straight line, f/p - killer bee
Aim: a killer bee (water, severely wounded, 67% to hit)
The blast of sand hits the killer bee!
You kill the killer bee!
Vehumet accepts your kill.
The killer bee closely misses you. x2; The killer bee barely misses you.
Okay, then.
Casting: Sandblast (safe; 1% risk of failure)
Confirm with . or Enter, or press ? or * to list all spells.
Aiming: Sandblast (safe; 1% risk of failure)
Press: ? - help, Shift-Dir - straight line, f - killer bee
Aim: a killer bee (67% to hit)
The blast of sand misses the killer bee.
The killer bee misses you. x2; The killer bee barely misses you.
Casting: Sandblast (safe; 1% risk of failure)
Confirm with . or Enter, or press ? or * to list all spells.
Aiming: Sandblast (safe; 1% risk of failure)
Press: ? - help, Shift-Dir - straight line, f/p - killer bee
Aim: a killer bee (67% to hit)
The blast of sand misses the killer bee.
The killer bee stings you!
You die...

#########
#...)...#
#.♣...♣.#
#...8...#
#.♣...♣.#
##.....##
##P@P## ##≈y≈##
###≈≈.≈≈###
.##P≈≈≈.≈≈≈P##.
...............
###P≈≈≈.≈≈≈P#..
###≈≈)≈≈### .
###≈)≈##
#.#P)P#


You could see a killer bee.

Vanquished Creatures
  Eustachio (D:5)
  Duvessa (D:5)
  3 water moccasins
  An ice beast (D:6)
  A sky beast (D:5)
  5 ogres
  A phantom (D:5)
  A scorpion (D:5)
  2 bullfrogs
  Dowan (D:5)
  5 killer bees (D:7)
  An electric eel (D:7)
  2 bombardier beetles
  2 jellies
  An orc priest (D:3)
  3 hounds
  3 iguanas
  2 orc wizards
  14 gnolls
  7 adders
  A shadow imp (D:4)
  6 dart slugs
  A ribbon worm (D:4)
  22 orcs
  5 bats
  9 endoplasms
  3 giant cockroaches
  6 goblins
  4 hobgoblins
  5 jackals
  A quokka (D:3)
  10 ball pythons
  4 frilled lizards
  5 kobolds
  6 rats
145 creatures vanquished.

Vanquished Creatures (others)
  2 orcs (D:7)
2 creatures vanquished.

Grand Total: 147 creatures vanquished

Notes
Turn   | Place    | Note
-------+----------+-------------------------------------------
     0 | D:1      | Essalna the Gargoyle Earth Elementalist began the quest for
                  | the Orb.
     0 | D:1      | Reached XP level 1. HP: 10/10 MP: 3/3
   152 | D:1      | Reached XP level 2. HP: 15/15 MP: 3/5
   890 | D:2      | Found Qoiloschu's Book Shop.
   941 | D:2      | Reached skill level 2 in Conjurations
   941 | D:2      | Reached XP level 3. HP: 12/19 MP: 1/6
  1053 | D:2      | Found a shimmering altar of Xom.
  1156 | D:2      | Found Azxalid's Jewellery Emporium.
  1186 | D:2      | Noticed an animated shadow dragon scales
  1187 | D:2      | Found Cyatis's Armour Emporium.
  1188 | D:2      | Noticed an animated shadow dragon scales
  1255 | D:2      | Found Citacvy's Armour Boutique.
  1607 | D:2      | Identified the +5 ring mail of Fobiq {rN+}
  1900 | D:3      | Reached XP level 4. HP: 17/24 MP: 3/8
  2089 | D:3      | Reached skill level 3 in Conjurations
  2089 | D:3      | Reached XP level 5. HP: 28/28 MP: 6/9
  2095 | D:3      | Reached skill level 5 in Earth Magic
  2471 | D:3      | Found an opulent altar of Gozag.
  2475 | D:3      | Found Gozag's Platinum Reserve.
  2726 | D:3      | Found a glowing silver altar of Zin.
  2888 | D:4      | Reached XP level 6. HP: 32/32 MP: 8/11
  2967 | D:4      | Reached skill level 4 in Conjurations
  3146 | D:4      | Reached XP level 7. HP: 36/36 MP: 9/13
  3419 | D:4      | Reached skill level 5 in Conjurations
  3919 | D:5      | Entered Level 5 of the Dungeon
  3982 | D:5      | Learned a level 5 spell: Iskenderun's Battlesphere
  4038 | D:5      | Reached skill level 1 in Armour
  4041 | D:5      | Reached skill level 1 in Fighting
  4041 | D:5      | Reached XP level 8. HP: 26/43 MP: 9/14
  4205 | D:5      | Noticed Duvessa
  4205 | D:5      | Noticed Dowan
  4210 | D:5      | Killed Duvessa
  4211 | D:5      | Reached skill level 6 in Conjurations
  4216 | D:5      | Killed Dowan
  4388 | D:5      | Noticed Eustachio
  4395 | D:5      | Killed Eustachio
  5013 | D:6      | Reached skill level 7 in Conjurations
  5072 | D:6      | Reached XP level 9. HP: 52/52 MP: 11/15
  5282 | D:6      | Found a white marble altar of Elyvilon.
  5400 | D:6      | Found an ancient bone altar of Kikubaaqudgha.
  5414 | D:6      | Found a staircase to the Ecumenical Temple.
  5446 | Temple   | Entered the Ecumenical Temple
  5459 | Temple   | Became a worshipper of Vehumet
  5494 | D:6      | Reached skill level 5 in Fighting
  5562 | D:6      | Reached skill level 8 in Conjurations
  5930 | D:7      | HP: 2/55 [killer bee (5)]
  5933 | D:7      | Slain by a killer bee

Illustrated notes

Levels and vault maps discovered:
D:1:      dpeg_arrival_court, layout_basic
D:2:      layout_loops_corners, basic_altar, serial_shops, shop,
          nicolae_shop_mannequins, nicolae_shop_hallway_plus,
          nicolae_shop_advertising_works [nicolae_subvault_shop_adworks],
          serial_glass, glass_columns_c, glass_columns_a, glass_columns_c,
          glass_columns_a, glass_columns_c, glass_columns_a
D:3:      layout_loops_ring, zin_treasury, nicolae_gozag_zags_fifth_avenue
D:4:      layout_loops_ring
D:5:      layout_gridville, uniq_duvessa, uniq_eustachio
D:6:      layout_cave_pools, mainiacjoe_overflow_24_doors,
          kiku_gazebo_garden_becter, minmay_temple_entry_large_hall,
          chequers_serial_rivers_room_b, dk_rats_in_the_wall
D:7:      layout_basic, kennysheep_mini_moat, dreamdust_princess_bridge,
          minmay_three_doors
Temple:   cyrus_circular_temple

Skill      XL: |  1  2  3  4  5  6  7  8  9 |
---------------+----------------------------+-----
Earth Magic    | 4 5 6 7 |  7.0
Conjurations   | 2 3 4 5 7 8 |  8.6
Spellcasting   | 3 4 |  4.0
Armour         | 1 3 |  3.0
Fighting       | 1 4 6 |  6.3
Dodging        | 2 3 |  3.0
Stealth        | |  2.1

Action                     |  1- 3 |  4- 6 |  7- 9 || total
---------------------------+-------+-------+-------++-------
  Melee: Dagger            |     9 |     6 |       ||    15
         Spear             |       |       |     3 ||     3
   Cast: Sandblast         |    45 |    63 |   152 ||   260
    Use: Scroll            |       |     3 |       ||     3
 Armour: Robe              |    11 |    18 |    73 ||   102
  Dodge: Dodged            |    18 |    17 |    87 ||   122

Table legend: (Time is in decaauts)
 A = Elapsed time spent in this place.
 B = Non-inter-level travel time spent in this place.
 C = Inter-level travel time spent in this place.
 D = Time resting spent in this place.
 E = Time spent auto-exploring this place.
 F = Levels seen in this place.
 G = Mean time per level.
                   A        B        C        D        E       F      G
               +--------+--------+--------+--------+--------+-----+--------+
         Total |   6061 |   5796 |    265 |     69 |   4797 |   8 |  757.6 |
       Dungeon |   6034 |   5793 |    241 |     69 |   4797 |   7 |  862.0 |
        Temple |     26 |      2 |     24 |      0 |      0 |   1 |   26.0 |
               +--------+--------+--------+--------+--------+-----+--------+

Top non-repeatable levels by time:
     D:2: 1096 daAuts
     D:5: 1086 daAuts
     D:4: 1075 daAuts
     D:3: 925 daAuts
     D:1: 891 daAuts
     D:6: 821 daAuts
     D:7: 137 daAuts
  Temple: 26 daAuts
